AoeStats
← VakorTV

Nomad

506475124Analyzed
4v4 RM · 18d ago on Sep 13, 2026· 67m 0s· 8 players
Game mode
Random Map
Map size
231×231
Population
200
Speed
Normal
Resources
Standard
Victory
Conquest
Starting age
Dark Age
Ending age
Imperial Age
RankedLock teamsTeams togetherTeam positionsShared explorationLock speedFull tech treeHidden civsTurbo modeCheats
Victory
Defeat
🇨🇦 Persians · Canada
1197
+14
🇺🇾 Lithuanians · Uruguay
1192
+14
🇫🇷 Wu · France
1186
+15
🇲🇽 Italians · Mexico
1118
+18
🇪🇸 Mongols · Spain
1165
-16
🇫🇷 Berbers · France
1161
-15
🇬🇷 Persians · Greece
1151
-15
🇪🇸 Goths · Spain
1145
-15
odro
3:05 Loom
14:57 Feudal Age
16:28 Wheelbarrow
15:41 Double-Bit Axe
16:08 Horse Collar
16:07 Man-at-Arms
21:07 Castle Age
19:44 Stone Mining
20:04 Gold Mining
21:54 Forging
21:10 Long Swordsman
21:51 Squires
22:53 Scale Mail Armor
24:37 Hand Cart
28:27 Stone Shaft Mining
29:01 Town Watch
30:48 Bow Saw
32:21 Heavy Plow
34:01 Masonry
35:43 Ballistics
35:19 Murder Holes
37:49 Iron Casting
37:29 Chain Mail Armor
37:49 Iron Casting
37:29 Chain Mail Armor
37:34 Fletching
44:14 Imperial Age
45:14 Imperial Age
42:16 Pikeman
50:33 Imperial Age
48:06 Town Patrol
59:41 Coinage
59:44 Caravan
60:49 Guilds
63:36 Banking
64:55 Two-Handed Swordsman
65:41 Champion
67:48 Crop Rotation
Grinder FN2R
12:58 Feudal Age
16:40 Castle Age
15:02 Double-Bit Axe
16:04 Fishing Lines
17:22 Wheelbarrow
16:35 Loom
19:21 Gillnets
22:12 Horse Collar
25:56 Devotion
26:30 Hand Cart
26:01 Town Watch
30:25 Imperial Age
28:24 Fervor
28:28 Masonry
28:37 Forging
28:51 Stone Mining
28:54 Gold Mining
30:05 Bow Saw
29:59 Heavy Plow
34:38 Hoardings
34:18 Town Patrol
38:38 Fletching
39:23 Iron Casting
38:49 Scale Mail Armor
38:30 Elite War Elephant
39:29 Bloodlines
39:19 Husbandry
39:17 Pikeman
39:57 Squires
39:43 Gambesons
40:10 Scale Barding Armor
40:00 Bodkin Arrow
40:12 Halberdier
40:38 Arson
42:02 Blast Furnace
43:07 Crop Rotation
43:41 Citadels
43:53 Conscription
44:28 Chain Mail Armor
54:24 Two-Man Saw
53:56 Plate Mail Armor
53:47 Chain Barding Armor
60:53 Light Cavalry
62:13 Plate Barding Armor
62:57 Ballistics
63:38 Chemistry
62:46 Padded Archer Armor
62:12 Elite Skirmisher
62:58 Thumb Ring
64:01 Leather Archer Armor
[KBRA] Oeseka
4:27 Loom
12:01 Feudal Age
21:34 Castle Age
21:07 Stone Mining
29:28 Fletching
35:32 Imperial Age
33:28 Bloodlines
33:41 Bodkin Arrow
34:34 Double-Bit Axe
34:53 Padded Archer Armor
38:05 Chemistry
37:38 Ballistics
38:33 Wheelbarrow
43:29 Gold Mining
43:49 Thumb Ring
44:18 Bow Saw
46:04 Bracer
46:20 Leather Archer Armor
48:25 Conscription
48:38 Elite Skirmisher
51:41 Scale Barding Armor
51:47 Forging
55:33 Siege Engineers
55:40 Masonry
57:20 Gold Shaft Mining
57:20 Stone Shaft Mining
59:29 Chain Barding Armor
60:35 Conscription
VakorTV
3:44 Loom
13:36 Feudal Age
15:32 Double-Bit Axe
17:26 Fletching
17:38 Padded Archer Armor
17:24 Horse Collar
19:57 Castle Age
18:26 Town Watch
19:17 Wheelbarrow
20:50 Bodkin Arrow
21:26 Bow Saw
28:01 Thumb Ring
31:13 Ballistics
31:32 Hand Cart
31:45 Gold Mining
35:14 Imperial Age
35:14 Masonry
36:10 Bracer
36:26 Leather Archer Armor
37:18 Chemistry
36:37 Elite Camel Archer
39:42 Ring Archer Armor
41:26 Town Patrol
45:06 Conscription
44:49 Kasbah
51:17 Scale Barding Armor
51:27 Heavy Camel Rider
52:18 Bloodlines
52:09 Husbandry
52:31 Chain Barding Armor
53:47 Plate Barding Armor
53:23 Forging
55:15 Light Cavalry
60:09 Hussar
62:36 Iron Casting
Sniper_Wolf
4:01 Loom
16:21 Feudal Age
18:08 Fishing Lines
20:30 Castle Age
18:25 Double-Bit Axe
18:33 Fletching
18:46 Horse Collar
19:04 Gold Mining
19:59 Padded Archer Armor
22:18 Bow Saw
22:07 Bodkin Arrow
22:27 Leather Archer Armor
22:25 Gillnets
22:24 Crossbowman
25:26 Town Watch
26:17 Wheelbarrow
28:23 Thumb Ring
27:45 Elite Skirmisher
28:29 Scale Mail Armor
28:34 Scale Barding Armor
28:39 Forging
29:54 Chain Barding Armor
31:19 Murder Holes
31:36 Masonry
32:01 Ballistics
31:56 Masonry
35:32 Imperial Age
34:30 Stone Mining
34:43 Heavy Plow
35:17 Hand Cart
36:34 Conscription
37:17 Chemistry
36:34 Elite Genoese Crossbowman
37:33 Capped Ram
40:12 Architecture
54:15 Plate Barding Armor
54:15 Iron Casting
53:43 Bracer
54:13 Ring Archer Armor
54:29 Ring Archer Armor
54:04 Light Cavalry
54:55 Bloodlines
54:45 Husbandry
58:20 Plate Barding Armor
58:20 Iron Casting
LavarBall
3:13 Loom
14:01 Feudal Age
19:52 Castle Age
18:06 Double-Bit Axe
20:07 Wheelbarrow
22:24 Hand Cart
22:12 Horse Collar
22:45 Bow Saw
22:57 Heavy Plow
33:20 Imperial Age
30:43 Crossbowman
32:24 Fletching
34:01 Kamandaran
34:50 Bodkin Arrow
38:54 Conscription
40:07 Masonry
41:37 Ballistics
42:33 Chemistry
42:01 Padded Archer Armor
41:38 Light Cavalry
42:32 Scale Barding Armor
42:37 Forging
43:35 Bloodlines
43:27 Hussar
44:37 Chain Barding Armor
44:54 Iron Casting
45:53 Plate Barding Armor
48:03 Pikeman
51:40 Halberdier
Lizard Bro
5:00 Loom
14:01 Feudal Age
18:15 Castle Age
16:47 Double-Bit Axe
17:14 Fishing Lines
19:34 Medium Warships
19:56 Fletching
19:48 Man-at-Arms
20:38 Long Swordsman
21:22 Scale Mail Armor
23:27 Forging
26:39 Town Watch
26:51 Gillnets
30:53 Chain Mail Armor
31:40 Iron Casting
31:41 Squires
31:27 Arson
32:32 Wheelbarrow
34:48 Imperial Age
33:11 Bodkin Arrow
35:21 Bow Saw
34:54 Horse Collar
34:52 Two-Handed Swordsman
36:06 Plate Mail Armor
36:37 Blast Furnace
35:58 Champion
36:53 Heavy Plow
37:26 Conscription
37:52 Hand Cart
39:19 Bracer
40:54 Sitting Tiger
43:34 Padded Archer Armor
47:14 Heavy Warships
51:49 Pikeman
53:21 Halberdier
58:44 Ballistics
58:21 Murder Holes
58:37 Masonry
58:40 Clinker Construction
61:13 Elite Skirmisher
62:18 Red Cliffs Tactics
63:58 Crossbowman
BarbaNegra
7:06 Loom
14:53 Feudal Age
16:02 Double-Bit Axe
19:52 Castle Age
18:25 Horse Collar
20:13 Gold Mining
20:14 Stone Mining
21:11 Bow Saw
23:51 Bloodlines
24:07 Scale Barding Armor
24:13 Forging
25:42 Wheelbarrow
29:31 Elite Skirmisher
33:50 Imperial Age
34:27 Cavalier
41:12 Fletching
41:22 Padded Archer Armor
43:42 Bodkin Arrow
44:03 Leather Archer Armor
45:59 Ballistics
52:29 Light Cavalry
57:55 Chemistry
61:26 Pikeman
64:31 Halberdier
Connection lost

Rejoining the realm…

Still unreachable

The connection could not be restored.

Session expired

The server has moved on; the page needs a fresh start.